 Dungeon Crawl Stone Soup version 0.16.1-18-g436b03c (webtiles) character file.

151 Leviathan2552 the Grasshopper (level 5, -4/43 (45) HPs)
             Began as a Ghoul Warper on May 9, 2015.
             Slain by sambug15's ghost (6 damage)
             ... on level 4 of the Dungeon.
             The game lasted 00:15:20 (3789 turns).

Leviathan2552 the Grasshopper (Ghoul Warper)        Turns: 3789, Time: 00:15:20

HP:   -4/43 (45)    AC:  7    Str: 19    XL:     5   Next: 33%
MP:   0/8           EV: 11    Int:  8    God:
Gold: 190           SH:  2    Dex:  8    Spells: 2 memorised, 4 levels left

rFire  . . .     SeeInvis .       - Unarmed
rCold  + + .     Clarity  .     b - +1 leather armour
rNeg   + + +     SustAb   .     o - +0 buckler (curse)
rPois  ∞         Gourm    .     (no helmet)
rElec  .         Spirit   +     (no cloak)
rCorr  .         Warding  .     t - +2 pair of gloves {Str+3}
rMut   .         Stasis   .     (no boots)
MR     .....                    n - amulet of guardian spirit
Stlth  +.........               h - ring of protection from cold
                                g - ring of wizardry

@: rotting, not resistant to hostile enchantments, very unstealthy
A: rotting body, claws 1, carnivore 3, cold resistance 1, negative energy
resistance 3, poison resistance, slow healing 1, torment resistance, unbreathing
a: no special abilities


You were on level 4 of the Dungeon.
You were not hungry.

You visited 1 branch of the dungeon, and saw 4 of its levels.

You collected 190 gold pieces.

Inventory:

Missiles
 e - 5 tomahawks of dispersal (quivered)
Armour
 b - a +1 leather armour (worn)
 o - a cursed +0 buckler (worn)
 t - a +2 pair of gloves of strength (worn)
Jewellery
 g - a ring of wizardry (left hand)
 h - a ring of protection from cold (right hand)
 n - an amulet of guardian spirit (around neck)
Scrolls
 d - a scroll of blinking
 i - 2 scrolls of recharging {unknown}
 j - a scroll of fear {unknown}
 k - a scroll of enchant armour
 m - a scroll of identify {unknown}
 q - a scroll of magic mapping {unknown}
 r - 3 scrolls of teleportation {unknown}
Potions
 a - a potion of resistance {unknown}
 f - 3 potions of brilliance {unknown}
 l - a potion of cancellation {unknown}
 p - a potion of beneficial mutation {unknown}
 s - a potion of mutation {unknown}
 u - a potion of lignification {unknown}
Books
 c - a book of Spatial Translocations

   Spells                             Type                      Level
   a - Apportation                    Translocation                1
   b - Blink                          Translocation                2
   c - Shroud of Golubria             Charms/Translocation         2
   d - Portal Projectile              Translocation                3
   e - Teleport Other                 Translocation                3
   f - Passage of Golubria            Translocation                4
 v - a book of Callings

   Spells                             Type                      Level
   a - Summon Small Mammal            Summoning                    1
   b - Call Imp                       Summoning                    2
   c - Call Canine Familiar           Summoning                    3
   d - Summon Guardian Golem          Hexes/Summoning              4
   e - Summon Lightning Spire         Summoning/Air                4
   f - Summon Ice Beast               Ice/Summoning                4
 w - a book of Burglary

   Spells                             Type                      Level
   a - Swiftness                      Charms/Air                   2
   b - Passwall                       Transmutation/Earth          3
   c - Passage of Golubria            Translocation                4
   d - Lee's Rapid Deconstruction     Earth                        5
   e - Invisibility                   Hexes                        6
   f - Darkness                       Hexes                        7


   Skills:
 + Level 3.0 Fighting
 - Level 0.8 Throwing
 + Level 2.1 Armour
 + Level 2.5 Dodging
 + Level 3.1 Unarmed Combat
 + Level 2.2 Spellcasting
 + Level 3.3 Translocations


You had 4 spell levels left.
You knew the following spells:

 Your Spells              Type           Power        Failure   Level  Hunger
a - Apportation           Tloc           #.........   9%          1    ##.....
b - Portal Projectile     Tloc           #.....       32%         3    ####...


Dungeon Overview and Level Annotations

Branches:
Dungeon (4/15)
 Temple: D:4-7

Altars:
Nemelex Xobeh
Okawaru
Qazlal
Ru
Sif Muna
Vehumet
Zin

Annotations:
D:4 sambug15's ghost, average MiFi


Innate Abilities, Weirdness & Mutations

Your body is rotting away.
You thrive on raw meat.
You have sharp fingernails.
You are carnivorous and can eat meat at any time.
Your flesh is cold resistant.
You are immune to negative energy.
Your system is resistant to poisons.
You heal slowly when monsters are visible.
You are immune to unholy pain and torment.
You can survive without breathing.


Message History

Sambug15's ghost hits you!
You hit sambug15's ghost but do no damage.
Sambug15's ghost is moderately damaged.
Sambug15's ghost hits you!
* * * LOW HITPOINT WARNING * * *
You hit sambug15's ghost.
Sambug15's ghost is moderately damaged.
Sambug15's ghost hits you.
* * * LOW HITPOINT WARNING * * *
You completely miss sambug15's ghost.
Sambug15's ghost is moderately damaged.
Sambug15's ghost misses you.
You hit sambug15's ghost but do no damage.
Sambug15's ghost is moderately damaged.
Sambug15's ghost hits you.
* * * LOW HITPOINT WARNING * * *
You hit sambug15's ghost but do no damage.
Sambug15's ghost is moderately damaged.
Sambug15's ghost hits you.
You die...

########
######......#
##.......# .#
#.....#..###.###
#..##.#.K#.......
#..##......#.#
#.W####......#
#<@#####.#####
###........#
##.......####
#........#
#..#.##..#
#..#..#(.#
#..##....#
#######..###...#
#........>.....#


You could see sambug15's ghost.

Vanquished Creatures
  An orc priest (D:3)
  A worker ant (D:4)
  Ijyb (D:2)
  2 worms
  3 giant geckos
  4 orcs (D:3)
  A giant cockroach (D:3)
  6 hobgoblins
  6 jackals (D:3)
  8 kobolds
  A quokka (D:3)
  7 bats
  4 giant newts
  12 goblins
  7 rats
64 creatures vanquished.

Notes
Turn   | Place    | Note
--------------------------------------------------------------
     0 | D:1      | Leviathan2552, the Ghoul Warper, began the quest for the Orb.
     0 | D:1      | Reached XP level 1. HP: 17/17 MP: 2/2
    89 | D:1      | Reached skill level 1 in Armour
   488 | D:1      | Reached XP level 2. HP: 11/24 MP: 3/3
  1123 | D:2      | Found a deep blue altar of Sif Muna.
  1225 | D:2      | Noticed Ijyb
  1248 | D:2      | HP: 1/25 [goblin (2)]
  1744 | D:2      | Reached XP level 3. HP: 9/28 MP: 5/5
  1766 | D:2      | Killed Ijyb
  1766 | D:2      | Reached skill level 3 in Translocations
  1927 | D:2      | Learned a level 3 spell: Portal Projectile
  2112 | D:2      | Reached XP level 4. HP: 28/37 MP: 5/6
  2506 | D:3      | Found a glowing silver altar of Zin.
  3112 | D:3      | Reached XP level 5. HP: 24/44 MP: 5/8
  3225 | D:3      | Found a sacrificial altar of Ru.
  3469 | D:4      | Found a sparkling altar of Nemelex Xobeh.
  3469 | D:4      | Found an iron altar of Okawaru.
  3470 | D:4      | Found a radiant altar of Vehumet.
  3486 | D:4      | Found a stormy altar of Qazlal.
  3490 | D:4      | Noticed sambug15's ghost (average MiFi)
  3788 | D:4      | HP: 2/43 [sambug15's ghost (6)]
  3789 | D:4      | Slain by sambug15's ghost

Action                   |  1- 3 |  4- 6 || total
-------------------------+-------+-------++-------
Melee: Unarmed           |   193 |   202 ||   395
  Use: Scroll            |     2 |       ||     2
  Eat: Chunk             |    22 |    10 ||    32
